 Dungeon Crawl Stone Soup version 0.24.0-35-gdb84b6a5db (webtiles) character file.

Game seed: 1237507145429178325, levelgen mode: deterministic

2447 Kobolds4U the Carver (level 9, -3/72 HPs)
             Began as a Demonspawn Berserker on Nov 17, 2019.
             Was an Elder of Trog.
             Slain by a hog (12 damage)
             ... on level 7 of the Dungeon.
             The game lasted 00:20:22 (8541 turns).

Kobolds4U the Carver (Demonspawn Berserker)         Turns: 8541, Time: 00:20:23

Health: -3/72      AC: 11    Str: 18    XL:     9   Next: 25%
Magic:  9/9        EV: 11    Int: 12    God:    Trog [****..]
Gold:   360        SH:  4    Dex: 19    Spells: 8/8 levels left

rFire    . . .     SeeInvis .   a - +0 falchion
rCold    . . .     Gourm    .   A - +0 buckler
rNeg     . . .     Faith    .   y - +2 leather armour of Utzuoptesm {Int+3 Dex+4}
rPois    .         Spirit   .   (no helmet)
rElec    .         Reflect  .   (no cloak)
rCorr    .         Harm     .   (no gloves)
MR       .....                  d - +0 pair of boots
Stlth    +.........             G - amulet of inaccuracy
HPRegen  0.22/turn              x - +3 ring of protection
MPRegen  0.11/turn              (no ring)

@: berserk cooldown, slowed, very slow
A: talons 1, iridescent scales 1, powered by pain 1
a: Berserk, Trog's Hand, Brothers in Arms, Renounce Religion


You were on level 7 of the Dungeon.
You worshipped Trog.
Trog was greatly pleased with you.
You were very hungry.

You visited 1 branch of the dungeon, and saw 7 of its levels.
You also visited: Sewer and Ossuary.

You collected 360 gold pieces.

Inventory:

Hand Weapons
 a - a +0 falchion (weapon)
 e - a +2 dagger of protection
 J - the +1 dagger "Goblinslayer" {speed, rElec}
   (You found it on level 7 of the Dungeon)

   Attacks with this weapon are significantly faster.
   It insulates you from electricity.
Missiles
 B - 4 boomerangs (quivered)
Armour
 d - a +0 pair of boots (worn)
 n - a +0 chain mail
 y - the +2 leather armour of Utzuoptesm (worn) {Int+3 Dex+4}
   (You found it on level 4 of the Dungeon)

   It affects your intelligence (+3).
   It affects your dexterity (+4).
 A - a +0 buckler (worn)
Jewellery
 x - a +3 ring of protection (left hand)
 G - an amulet of inaccuracy (around neck)
Wands
 f - a wand of polymorph (6)
 C - a wand of paralysis (8)
 E - a wand of digging (8)
Scrolls
 g - 2 scrolls of blinking
 j - 2 scrolls of fog {unknown}
 k - 2 scrolls of immolation {unknown}
 l - 5 scrolls of teleportation
 m - 2 scrolls of magic mapping
 p - 4 scrolls of fear
 r - a scroll of vulnerability {unknown}
 v - 2 scrolls of remove curse
 w - 2 scrolls of enchant armour {unknown}
 F - a scroll of random uselessness {unknown}
 H - 5 scrolls of identify
 I - a scroll of acquirement {unknown}
Potions
 b - 3 potions of magic
 h - 2 potions of cancellation
 i - a potion of ambrosia
 o - 4 potions of heal wounds
 q - a potion of resistance
 s - a potion of lignification {unknown}
 t - a potion of brilliance {unknown}
 u - a potion of curing
 z - 2 potions of agility {unknown}
 D - 4 potions of might {unknown}
 K - 2 potions of berserk rage {unknown}
Comestibles
 c - 10 rations
 L - 5 chunks of flesh


   Skills:
 + Level 7.4 Fighting
 + Level 9.8 Long Blades
 + Level 2.7 Armour
 - Level 1.7 Dodging


You had 8 spell levels left.
You didn't know any spells.
Your spell library was empty.

Dungeon Overview and Level Annotations

Branches:
Dungeon (7/15)             Temple (0/1) D:4           Sewer (visited)
Ossuary (visited)

Altars:
Dithmenos
Fedhas
Hepliaklqana
Makhleb
Trog
Uskayaw
Xom

Shops:
D:5 %


Innate Abilities, Weirdness & Mutations

You have sharp toenails.
You are partially covered in iridescent scales. (AC +2)
You sometimes gain a little power by taking damage.


Message History

The hog is moderately wounded.
The hog barely misses you.
You riposte.
You hit the hog.
The hog is heavily wounded.
The hog barely misses you.
You hit the hog but do no damage.
The hog is heavily wounded.
The hog bites you!
* * * LOW HITPOINT WARNING * * *
The hog bites you but does no damage. The hog barely misses you.
The hog closely misses you.
You riposte.
You hit the hog.
The hog is heavily wounded.
You hit the hog but do no damage.
The hog is heavily wounded.
The hog bites you but does no damage. The hog barely misses you.
The hog bites you!
* * * LOW HITPOINT WARNING * * *
You barely miss the hog.
The hog is heavily wounded.
The hog bites you but does no damage. The hog bites you!
You die...

..................####..##
>...................#....#
...........#######.......#
#.##.......#..#%%#..#....#
#.###...#..#..#.%##.#....#
#.# ###....#..'..##.#....#
#.# #..##.#..#.h####...##
#.# ##.##..#..#hh# #.#.#
..###.....# ####@####...#
.##...#.### #..........##
.........####........#.#
######.#...<.........#.#
.....................#.#
.......#############.#.#
######.. #.#.# #.# ....#
#.# #.##


You could see 3 hogs.

Vanquished Creatures
  A hog (D:7)
  A human (D:7)
  Menkaure (D:5)
  An ice beast (D:5)
  A sky beast (D:5)
  2 phantoms
  A crocodile (Sewer)
  3 ogres (D:5)
  2 bullfrogs
  3 elf zombies (Ossuary)
  A scorpion (D:5)
  2 howler monkeys (D:7)
  3 crimson imps
  5 centaur zombies (Ossuary)
  4 human zombies (Ossuary)
  An orc priest (D:3)
  Terence (D:2)
  4 worker ants
  2 orc wizards
  3 mummies (Ossuary)
  4 gnolls (D:5)
  A howler monkey skeleton (D:4)
  7 adders
  A river rat (D:4)
  2 oozes
  An adder zombie (D:6)
  An adder skeleton (D:4)
  4 worms
  A dart slug (D:1)
  5 leopard geckos
  19 orcs
  8 giant cockroaches
  5 goblins
  16 hobgoblins
  12 jackals
  2 quokkas
  3 ball pythons
  7 bats
  5 frilled lizards
  2 jackal zombies
  16 kobolds
  A quokka skeleton (D:4)
  13 rats
178 creatures vanquished.

Notes
Turn   | Place    | Note
-------+----------+-------------------------------------------
     0 | D:1      | Kobolds4U the Demonspawn Berserker began the quest for the
                  | Orb.
     0 | D:1      | Reached XP level 1. HP: 18/18 MP: 1/1
   177 | D:1      | Reached skill level 3 in Long Blades
   239 | D:2      | Gained mutation: You sometimes gain a little power by
                  | taking damage. [demonic ancestry]
   239 | D:2      | Reached XP level 2. HP: 23/24 MP: 2/2
   635 | D:1      | Gained mutation: You are partially covered in iridescent
                  | scales. (AC +2) [demonic ancestry]
   635 | D:1      | Reached XP level 3. HP: 25/29 MP: 3/3
   652 | D:1      | Reached ** piety under Trog
  1017 | D:1      | Reached skill level 4 in Long Blades
  1320 | D:2      | Noticed a moth of wrath
  1323 | D:2      | Found a bloodstained altar of Trog.
  1323 | D:2      | Noticed Terence
  1362 | D:2      | Killed Terence
  1362 | D:2      | Gained mutation: You have sharp toenails. [demonic
                  | ancestry]
  1362 | D:2      | Reached XP level 4. HP: 30/35 MP: 4/4
  1708 | D:2      | Found a hide-covered altar of Uskayaw.
  1708 | D:2      | Found a shadowy altar of Dithmenos.
  2044 | D:3      | Reached skill level 5 in Long Blades
  2516 | D:2      | Reached XP level 5. HP: 29/41 MP: 5/5
  2835 | D:3      | Reached *** piety under Trog
  3474 | D:4      | Found a hazy altar of Hepliaklqana.
  3475 | D:4      | Found a shimmering altar of Xom.
  3475 | D:4      | Noticed a hell beast
  3476 | D:4      | Noticed a hell beast
  3476 | D:4      | Noticed a spectral ugly thing
  3505 | D:4      | Reached skill level 6 in Long Blades
  3523 | D:4      | Got an ichor-stained leather armour
  3534 | D:4      | Identified the +2 leather armour of Utzuoptesm {Int+3
                  | Dex+4} (You found it on level 4 of the Dungeon)
  3619 | D:4      | Found a burning altar of Makhleb.
  3699 | D:4      | Reached XP level 6. HP: 46/47 MP: 6/6
  3709 | D:4      | Found a glowing drain.
  3828 | Sewer    | Entered a sewer
  4413 | D:4      | Found a staircase to the Ecumenical Temple.
  4514 | D:4      | Reached **** piety under Trog
  4585 | D:4      | Reached skill level 7 in Long Blades
  4921 | D:5      | Entered Level 5 of the Dungeon
  5139 | D:5      | Noticed an ice beast
  5181 | D:5      | Killed an ice beast
  5181 | D:5      | Reached XP level 7. HP: 50/52 MP: 7/7
  5295 | D:5      | Noticed Menkaure
  5307 | D:5      | Killed Menkaure
  5307 | D:5      | Reached skill level 8 in Long Blades
  5772 | D:5      | Reached XP level 8. HP: 30/61 MP: 8/8
  5966 | D:5      | Found Ykhiochi's Food Shop.
  6019 | D:5      | Reached skill level 5 in Fighting
  6541 | D:6      | Found a blossoming altar of Fedhas.
  7042 | D:7      | Got a polished dagger
  7088 | D:7      | Found a sand-covered staircase.
  7159 | D:7      | Reached skill level 9 in Long Blades
  7218 | D:7      | Identified the cursed +1 dagger "Goblinslayer" {speed,
                  | rElec} (You found it on level 7 of the Dungeon)
  7236 | Ossuary  | Entered an ossuary
  7980 | Ossuary  | Reached XP level 9. HP: 49/72 MP: 9/9
  8541 | D:7      | Slain by a hog

Levels and vault maps discovered:
D:1:      erik_arrival_cave_to_civilisation [erik_arrival_cave_to_hall],
          layout_basic
D:2:      layout_rooms, gammafunk_temple_overflow_elements, first_ration,
          tgw_trog, uniq_terence
D:3:      layout_loops_corners, minmay_box_of_dots
D:4:      layout_loops_ring, bloody_makhleb, regret_index_temple_of_mockery,
          minmay_temple_entry_glass, gup_sewer_entry_bubbles
D:5:      layout_loops_cross, serial_shops, shop, kennysheep_generic_room_14,
          uniq_menkaure
D:6:      layout_loops_ring, fedhas_altar_1, serial_rivers,
          chequers_serial_rivers_room_b, chequers_serial_rivers_small_b,
          chequers_serial_rivers_micro_e, chequers_serial_rivers_small_a,
          glass_columns_b
D:7:      layout_rooms, nicolae_ossuary_entry_false_entrances, grunt_livestock

Skill      XL: |  1  2  3  4  5  6  7  8  9 |
---------------+----------------------------+-----
Long Blades    | 3 4 5 6 7 8 9 |  9.8
Fighting       | 4 7 |  7.4
Armour         | 2 |  2.7
Dodging        | |  1.7

Action                   |  1- 3 |  4- 6 |  7- 9 || total
-------------------------+-------+-------+-------++-------
Melee: Dagger            |   147 |   593 |   506 ||  1246
       Falchion          |     8 |       |   200 ||   208
       Unarmed           |     8 |       |       ||     8
Invok: Trog's Hand       |       |     3 |     4 ||     7
       Berserk           |       |       |     4 ||     4
  Use: Scroll            |       |     6 |     5 ||    11
  Eat: Chunk             |     2 |    12 |     7 ||    21
       Ration            |       |       |     3 ||     3
Armor: Animal skin       |     8 |       |       ||     8
       Chain mail        |    49 |   208 |       ||   257
       Scale mail        |    10 |       |       ||    10
       Skin              |     1 |       |       ||     1
       Leather armour    |       |    99 |   229 ||   328
Dodge: Dodged            |    66 |   244 |   303 ||   613
Block: Buckler           |       |       |    39 ||    39
       Rpst.: Falchion   |     2 |       |    19 ||    21
